Bruins vs Canadiens
Created - March 20, 2020 at 19:48
Goals
|
| Bruins |
1 |
0 |
0 |
1 |
| Canadiens |
2 |
3 |
0 |
5 |
|
Shots
|
| Bruins |
10 |
6 |
14 |
30 |
| Canadiens |
21 |
9 |
12 |
42 |
|
1st period
1. Canadiens , Brett Maclean 9 (Enver Lisin 8, Bryce Lampman 22) at 13:27
2. Bruins , Zack Kassian 14 (Jonathan Toews 37) at 17:13 (PP)
3. Canadiens , Frans Nielsen 19 (Greg Stewart 20) at 17:59 (PP)
Penalties :
Nikolai Zherdev (Mon) for High sticking (Minor) at 16:56, Scott Hartnell (Bos) for Slashing (Minor) at 17:37
2nd period
4. Canadiens , Steve Downie 12 (Frans Nielsen 27) at 1:03
5. Canadiens , Greg Stewart 25 (Steve Downie 26, Frans Nielsen 28) at 16:16 (PP)
6. Canadiens , Corey Perry 31 (Henrik Sedin 53) at 16:49
Penalties :
Jason Demers (Bos) for Roughing (Minor) at 6:45, Mattias Tedenby (Bos) for Hooking (Minor) at 15:43
3rd period
No Goal
Penalties :
Colton Parayko (Mon) for Tripping (Minor) at 3:04, Kevin Bieksa (Bos) for Holding Stick (Minor) at 8:06, Zack Kassian (Bos) for Roughing (Minor) at 12:42, Mark Stuart (Mon) for Fighting (Major) at 15:13, Brendan Smith (Bos) for Fighting (Major) at 15:13
Goalie Stats
Kevin Poulin (Bos), 37 saves from 42 shots - (0.881), L, 24-19-4, 60:00 minutes
Henrik Lundqvist (Mon), 29 saves from 30 shots - (0.967), W, 30-15-8, 60:00 minutes
Players Stats for Bruins
Player Name G A P +/- PIM S H SB GA TA FO MP PP MP PK MP
------------------------------------------------------------------------------------
Adam Pelech 0 0 0 0 0 0 0 1 0 0 0/0 12:56 0:00 0:49
Brendan Smith 0 0 0 -2 5 2 2 0 0 1 0/0 25:36 1:37 2:41
Casey Cizikas 0 0 0 0 0 1 1 0 0 0 1/1 8:41 0:00 0:57
Dave Bolland 0 0 0 0 0 0 0 0 0 0 1/5 10:48 0:00 1:23
Jason Demers 0 0 0 -2 2 1 2 1 0 0 0/0 26:02 0:39 1:52
Johnny Boychuk 0 0 0 -1 0 0 0 0 0 1 0/0 22:16 0:39 4:11
Jonathan Toews 0 1 1 -1 0 2 2 0 1 3 17/36 23:25 1:10 3:08
Kevin Bieksa 0 0 0 0 2 0 4 0 0 0 0/0 14:04 1:37 0:25
Kris Chucko 0 0 0 0 0 1 1 0 0 0 0/0 10:01 0:00 2:13
Mattias Tedenby 0 0 0 0 2 2 0 0 1 0 1/1 7:43 0:00 0:00
Mike Ribeiro 0 0 0 -2 0 4 1 0 0 0 5/11 15:38 1:06 0:00
Rene Bourque 0 0 0 0 0 1 1 0 0 1 1/2 11:33 0:00 1:59
Scott Hartnell 0 0 0 -2 2 2 2 0 0 0 1/2 15:50 1:06 0:13
Shane O'Brien 0 0 0 -1 0 0 0 1 0 1 0/0 19:12 0:00 3:46
T.J Galiardi 0 0 0 0 0 3 1 0 0 0 0/1 9:20 0:00 0:00
Victor Oreskovich 0 0 0 -2 0 4 3 0 0 0 1/4 15:38 1:06 0:00
Wojtek Wolski 0 0 0 -1 0 2 0 1 0 0 1/1 21:12 1:10 1:00
Zack Kassian 1 0 1 -1 2 5 1 1 0 0 2/3 23:07 1:10 2:51
Players Stats for Canadiens
Player Name G A P +/- PIM S H SB GA TA FO MP PP MP PK MP
------------------------------------------------------------------------------------
Benoit Pouliot 0 0 0 1 0 7 1 0 0 0 1/3 21:49 3:02 0:47
Brett Maclean 1 0 1 1 0 2 0 0 0 0 0/1 11:31 0:36 0:00
Bryce Lampman 0 1 1 1 0 2 1 2 0 0 0/0 17:41 3:37 1:16
Colton Parayko 0 0 0 2 2 0 4 0 0 0 0/0 26:46 3:15 0:00
Corey Perry 1 0 1 1 0 6 2 1 3 0 2/7 22:26 2:59 1:23
Dustin Boyd 0 0 0 0 0 1 0 0 0 1 0/0 7:44 0:00 0:44
Enver Lisin 0 1 1 1 0 5 0 1 0 0 0/0 11:27 0:32 0:00
Frans Nielsen 1 2 3 1 0 5 2 1 1 0 9/12 18:19 3:17 0:09
Greg Stewart 1 1 2 1 0 1 0 0 0 0 2/3 18:24 3:17 0:06
Henrik Sedin 0 1 1 1 0 2 2 0 0 0 18/34 22:26 2:59 1:23
Mark Stuart 0 0 0 0 5 0 2 2 0 1 0/0 18:55 0:00 1:36
Nikolai Zherdev 0 0 0 0 2 0 0 0 0 0 0/0 6:51 0:00 0:00
Pierre-Marc Bouchard 0 0 0 1 0 1 1 1 1 0 4/7 11:27 0:28 0:00
Raphael Diaz 0 0 0 2 0 2 0 0 0 0 0/0 23:25 3:15 0:00
Shaone Morrisonn 0 0 0 1 0 2 0 1 0 0 0/0 12:07 0:00 0:26
Steve Downie 1 1 2 1 0 6 1 0 1 0 0/0 17:59 3:06 0:00
Viktor Stalberg 0 0 0 0 0 0 1 0 0 0 0/0 7:12 0:20 0:00
Vitaly Vishnevsky 0 0 0 0 0 0 4 2 1 0 0/0 21:12 3:37 1:14
3 Stars
1 - Frans Nielsen (Mon)
2 - Henrik Lundqvist (Mon)
3 - Steve Downie (Mon)
Power Play
Bruins - 1 on 2 Attempt(s) - 50.00%
Canadiens - 2 on 5 Attempt(s) - 40.00%
Penalty Kill
Bruins - 3 on 5 Attempt(s) - 60.00%
- Score 0 goal in Penalty Kill
Canadiens - 1 on 2 Attempt(s) - 50.00%
- Score 0 goal in Penalty Kill
Team Stat
Bruins - Hits : 21 - Faceoff Wins : 31 - Blocked Shots : 5 - Penalty Minutes : 15
Canadiens - Hits : 21 - Faceoff Wins : 36 - Blocked Shots : 11 - Penalty Minutes : 9
Official
Referees : Unknown
Linesman : Unknown
Game Notes
Mark Stuart and Brendan Smith fight to a draw at 15:13 of 3rd period
Finance
Level 1 -- Attendance: 6000 (100.00%) -- Ticket Income $546,000
Level 2 -- Attendance: 4958 (99.16%) -- Ticket Income $277,648
Level 3 -- Attendance: 1999 (99.95%) -- Ticket Income $75,962
Level 4 -- Attendance: 4000 (100.00%) -- Ticket Income $112,000
Luxury Box -- Attendance: 1000 (100.00%) -- Ticket Income $160,000
Game was played at the Centre Bell.
Total Attendance: 17957 (99.76%)
Total Ticket Income: $1,171,610
Other Income: $175,742
Total Income: $1,347,352
Bruins
5 vs 5 Forward
Center Left Wing Right Wing Time % Phy DF OF
1 Jonathan Toews Wojtek Wolski Zack Kassian 40 0 2 3
2 Mike Ribeiro Scott Hartnell Victor Oreskovich 30 0 2 3
3 Dave Bolland T.J Galiardi Rene Bourque 20 1 2 2
4 Casey Cizikas Kris Chucko Mattias Tedenby 10 1 2 2
5 vs 5 Defense
Defense Defense Time % Phy DF OF
1 Jason Demers Brendan Smith 40 1 2 2
2 Shane O'Brien Johnny Boychuk 30 1 2 2
3 Adam Pelech Kevin Bieksa 20 1 2 2
4 Jason Demers Brendan Smith 10 1 2 2
PowerPlay Forward
Center Left Wing Right Wing Time % Phy DF OF
1 Jonathan Toews Wojtek Wolski Zack Kassian 60 0 1 4
2 Mike Ribeiro Scott Hartnell Victor Oreskovich 40 0 1 4
PowerPlay Defense
Defense Defense Time % Phy DF OF
1 Kevin Bieksa Brendan Smith 60 0 2 3
2 Jason Demers Johnny Boychuk 40 0 2 3
Penalty Kill 4 Players Forward
Center Wing Time % Phy DF OF
1 Jonathan Toews Zack Kassian 60 0 2 2
2 Dave Bolland Wojtek Wolski 40 0 3 2
Penalty Kill 4 Players Defense
Defense Defense Time % Phy DF OF
1 Jason Demers Brendan Smith 60 1 3 1
2 Shane O'Brien Johnny Boychuk 40 1 3 1
Penalty Kill - 3 Players Forward
Forward Time % Phy DF OF
1 Zack Kassian 60 0 4 1
2 Wojtek Wolski 40 0 4 1
Penalty Kill - 3 Players Defense
Defense Defense Time % Phy DF OF
1 Jason Demers Brendan Smith 60 0 5 0
2 Shane O'Brien Johnny Boychuk 40 0 5 0
4 vs 4 Forward
Center Wing Time % Phy DF OF
1 Jonathan Toews Wojtek Wolski 60 1 2 2
2 Zack Kassian Victor Oreskovich 40 1 2 2
4 vs 4 Defense
Defense Defense Time % Phy DF OF
1 Jason Demers Brendan Smith 60 1 2 2
2 Shane O'Brien Johnny Boychuk 40 1 2 2
Last Minutes Offensive
Center Left Wing Right Wing Defense Defense
Jonathan Toews Wojtek Wolski Zack Kassian Jason Demers Brendan Smith
Last Minutes Defensive
Center Left Wing Right Wing Defense Defense
Jonathan Toews Wojtek Wolski Zack Kassian Jason Demers Brendan Smith
Goaltenders
Starting : Kevin Poulin
Backup : Josh Tordjman
Extra Forwards
Normal : Casey Cizikas, Dave Bolland, Rene Bourque - PP : Casey Cizikas, Dave Bolland - PK : Rene Bourque
Extra Defensemen
Normal : Johnny Boychuk, Jason Demers, Brendan Smith - PP : Johnny Boychuk - PK : Jason Demers, Shane O'Brien
Penalty Shots
Wojtek Wolski, Jonathan Toews, Mattias Tedenby, Mike Ribeiro, Zack Kassian
Scratches
None
Canadiens
5 vs 5 Forward
Center Left Wing Right Wing Time % Phy DF OF
1 Henrik Sedin Benoit Pouliot Corey Perry 40 0 0 5
2 Frans Nielsen Greg Stewart Steve Downie 30 0 0 5
3 Pierre-Marc Bouchard Brett Maclean Enver Lisin 20 0 2 3
4 Dustin Boyd Viktor Stalberg Nikolai Zherdev 10 1 2 2
5 vs 5 Defense
Defense Defense Time % Phy DF OF
1 Colton Parayko Raphael Diaz 40 0 2 3
2 Mark Stuart Vitaly Vishnevsky 30 0 2 3
3 Shaone Morrisonn Bryce Lampman 20 0 3 2
4 Mark Stuart Colton Parayko 10 1 2 2
PowerPlay Forward
Center Left Wing Right Wing Time % Phy DF OF
1 Henrik Sedin Benoit Pouliot Corey Perry 60 0 0 5
2 Frans Nielsen Greg Stewart Steve Downie 40 0 0 5
PowerPlay Defense
Defense Defense Time % Phy DF OF
1 Bryce Lampman Vitaly Vishnevsky 60 0 1 4
2 Colton Parayko Raphael Diaz 40 0 1 4
Penalty Kill 4 Players Forward
Center Wing Time % Phy DF OF
1 Corey Perry Henrik Sedin 60 0 5 0
2 Benoit Pouliot Frans Nielsen 40 0 5 0
Penalty Kill 4 Players Defense
Defense Defense Time % Phy DF OF
1 Bryce Lampman Mark Stuart 60 0 5 0
2 Colton Parayko Vitaly Vishnevsky 40 0 5 0
Penalty Kill - 3 Players Forward
Forward Time % Phy DF OF
1 Corey Perry 60 0 5 0
2 Henrik Sedin 40 0 5 0
Penalty Kill - 3 Players Defense
Defense Defense Time % Phy DF OF
1 Mark Stuart Vitaly Vishnevsky 60 1 4 0
2 Colton Parayko Bryce Lampman 40 1 4 0
4 vs 4 Forward
Center Wing Time % Phy DF OF
1 Corey Perry Henrik Sedin 60 0 2 3
2 Benoit Pouliot Frans Nielsen 40 0 2 3
4 vs 4 Defense
Defense Defense Time % Phy DF OF
1 Bryce Lampman Vitaly Vishnevsky 60 0 2 3
2 Colton Parayko Mark Stuart 40 0 2 3
Last Minutes Offensive
Center Left Wing Right Wing Defense Defense
Henrik Sedin Benoit Pouliot Corey Perry Bryce Lampman Vitaly Vishnevsky
Last Minutes Defensive
Center Left Wing Right Wing Defense Defense
Henrik Sedin Benoit Pouliot Corey Perry Bryce Lampman Mark Stuart
Goaltenders
Starting : Henrik Lundqvist
Backup : Allen York
Extra Forwards
Normal : Pierre-Marc Bouchard, Brett Maclean, Dustin Boyd - PP : Pierre-Marc Bouchard, Brett Maclean - PK : Dustin Boyd
Extra Defensemen
Normal : Raphael Diaz, Vitaly Vishnevsky, Colton Parayko - PP : Raphael Diaz - PK : Mark Stuart, Colton Parayko
Penalty Shots
Corey Perry, Henrik Sedin, Benoit Pouliot, Frans Nielsen, Greg Stewart
Scratches
None
% Time on Ice - Bruins
Lines # - Real PCT - Wanted PCT - Time Play
Normal Forward
1 - 38% - 40% - 19:11
2 - 29% - 30% - 14:37
3 - 18% - 20% - 9:20
4 - 15% - 10% - 7:44
Normal Defense
1 - 41% - 40% - 20:56
2 - 30% - 30% - 15:26
3 - 23% - 20% - 11:28
4 - 6% - 10% - 3:02
PP Forward
1 - 51% - 60% - 1:10
2 - 49% - 40% - 1:06
PP Defense
1 - 71% - 60% - 1:37
2 - 29% - 40% - 0:39
PK Forward
1 - 80% - 60% - 5:29
2 - 20% - 40% - 1:23
PK Defense
1 - 45% - 60% - 3:06
2 - 55% - 40% - 3:46
PK3 Forward
1 - 0% - 60%
2 - 0% - 40%
PK3 Defense
1 - 0% - 60%
2 - 0% - 40%
44 Forward
1 - 0% - 60%
2 - 0% - 40%
44 Defense
1 - 0% - 60%
2 - 0% - 40%
Last Minute Offensive - 0:00
Last Minute Defensive - 0:00
Total
Forward - 60:00
Defense - 60:00
|
% Time on Ice - Canadiens
Lines # - Real PCT - Wanted PCT - Time Play
Normal Forward
1 - 36% - 40% - 18:12
2 - 29% - 30% - 14:53
3 - 21% - 20% - 10:55
4 - 13% - 10% - 6:52
Normal Defense
1 - 38% - 40% - 19:14
2 - 33% - 30% - 16:40
3 - 22% - 20% - 11:07
4 - 8% - 10% - 3:51
PP Forward
1 - 49% - 60% - 3:23
2 - 51% - 40% - 3:29
PP Defense
1 - 53% - 60% - 3:37
2 - 47% - 40% - 3:15
PK Forward
1 - 100% - 60% - 2:16
2 - 0% - 40% - 0:00
PK Defense
1 - 46% - 60% - 1:02
2 - 54% - 40% - 1:14
PK3 Forward
1 - 0% - 60%
2 - 0% - 40%
PK3 Defense
1 - 0% - 60%
2 - 0% - 40%
44 Forward
1 - 0% - 60%
2 - 0% - 40%
44 Defense
1 - 0% - 60%
2 - 0% - 40%
Last Minute Offensive - 0:00
Last Minute Defensive - 0:00
Total
Forward - 60:00
Defense - 60:00
|
Play-by-Play
1st period
0:01 of 1st period - Henrik Sedin wins face-off versus Jonathan Toews in neutral zone.
0:12 of 1st period - Colton Parayko is hit by Jonathan Toews and loses puck.
0:27 of 1st period - Victor Oreskovich is hit by Frans Nielsen and loses puck.
0:37 of 1st period - Off-side.
0:38 of 1st period - Pierre-Marc Bouchard wins face-off versus T.J Galiardi in neutral zone.
1:33 of 1st period - Wrist shot by Wojtek Wolski.
1:33 of 1st period - Shot Misses the Net.
1:50 of 1st period - Corey Perry is hit by Jason Demers and loses puck.
2:01 of 1st period - Wrist shot by Corey Perry.
2:01 of 1st period - Stopped by Kevin Poulin with a rebound.
2:03 of 1st period - Wrist shot by Corey Perry.
2:03 of 1st period - Stopped by Kevin Poulin without a rebound.
2:04 of 1st period - Frans Nielsen wins face-off versus Victor Oreskovich in Bruins zone.
2:31 of 1st period - Colton Parayko is hit by Jonathan Toews and loses puck.
2:40 of 1st period - Wrist shot by Wojtek Wolski.
2:40 of 1st period - Deflect By Jonathan Toews.
2:40 of 1st period - Stopped by Henrik Lundqvist with a rebound.
2:47 of 1st period - Icing by Enver Lisin.
2:48 of 1st period - Pierre-Marc Bouchard wins face-off versus Dave Bolland in Canadiens zone.
3:43 of 1st period - Colton Parayko is hit by Scott Hartnell and loses puck.
4:18 of 1st period - Off-side.
4:19 of 1st period - Frans Nielsen wins face-off versus Dave Bolland in neutral zone.
4:29 of 1st period - Slapshot by Frans Nielsen.
4:29 of 1st period - Stopped by Kevin Poulin with a rebound.
4:39 of 1st period - Shaone Morrisonn is hit by Rene Bourque and loses puck.
5:09 of 1st period - Off-side.
5:10 of 1st period - Henrik Sedin wins face-off versus Jonathan Toews in neutral zone.
5:23 of 1st period - Wrist shot by Benoit Pouliot.
5:23 of 1st period - Stopped by Kevin Poulin with a rebound.
5:44 of 1st period - Slapshot by Scott Hartnell.
5:44 of 1st period - Shot Misses the Net.
6:08 of 1st period - Shane O'Brien is hit by Viktor Stalberg and loses puck.
6:19 of 1st period - Corey Perry is hit by Zack Kassian and loses puck.
7:55 of 1st period - Jason Demers is hit by Frans Nielsen and loses puck.
8:38 of 1st period - Icing by Vitaly Vishnevsky.
8:39 of 1st period - Jonathan Toews wins face-off versus Henrik Sedin in Canadiens zone.
8:42 of 1st period - Wrist shot by Zack Kassian.
8:42 of 1st period - Stopped by Henrik Lundqvist without a rebound.
8:43 of 1st period - Jonathan Toews wins face-off versus Henrik Sedin in Canadiens zone.
9:08 of 1st period - Colton Parayko is hit by Victor Oreskovich and loses puck.
9:19 of 1st period - Slapshot by Steve Downie.
9:19 of 1st period - Stopped by Kevin Poulin with a rebound.
9:59 of 1st period - Icing by Casey Cizikas.
10:00 of 1st period - Mattias Tedenby wins face-off versus Corey Perry in Bruins zone.
10:00 of 1st period - Mattias Tedenby is hit by Henrik Sedin.
10:08 of 1st period - Slapshot by Mattias Tedenby.
10:08 of 1st period - Stopped by Henrik Lundqvist with a rebound.
10:10 of 1st period - Slapshot by Kris Chucko.
10:10 of 1st period - Shot Misses the Net.
10:12 of 1st period - Slapshot by Jason Demers.
10:12 of 1st period - Deflect By Casey Cizikas.
10:12 of 1st period - Stopped by Henrik Lundqvist without a rebound.
10:13 of 1st period - Zack Kassian wins face-off versus Henrik Sedin in Canadiens zone.
10:16 of 1st period - Slapshot by Jonathan Toews.
10:16 of 1st period - Shot Misses the Net.
11:09 of 1st period - Snap shot by Enver Lisin.
11:09 of 1st period - Shot Misses the Net.
11:11 of 1st period - Wrist shot by Pierre-Marc Bouchard.
11:11 of 1st period - Stopped by Kevin Poulin without a rebound.
11:12 of 1st period - Henrik Sedin wins face-off versus Mike Ribeiro in Bruins zone.
11:23 of 1st period - Snap shot by Benoit Pouliot.
11:23 of 1st period - Stopped by Kevin Poulin with a rebound.
11:25 of 1st period - Slapshot by Colton Parayko.
11:25 of 1st period - Deflect By Henrik Sedin.
11:25 of 1st period - Stopped by Kevin Poulin without a rebound.
11:26 of 1st period - Mike Ribeiro wins face-off versus Henrik Sedin in Bruins zone.
12:14 of 1st period - Wrist shot by T.J Galiardi.
12:14 of 1st period - Stopped by Henrik Lundqvist with a rebound.
12:20 of 1st period - Snap shot by Frans Nielsen.
12:20 of 1st period - Stopped by Kevin Poulin without a rebound.
12:21 of 1st period - Henrik Sedin wins face-off versus Mike Ribeiro in Bruins zone.
12:53 of 1st period - Snap shot by Wojtek Wolski.
12:53 of 1st period - Shot Misses the Net.
12:55 of 1st period - Snap shot by Wojtek Wolski.
12:55 of 1st period - Stopped by Henrik Lundqvist without a rebound.
12:56 of 1st period - Jonathan Toews wins face-off versus Pierre-Marc Bouchard in Canadiens zone.
13:21 of 1st period - Snap shot by Pierre-Marc Bouchard.
13:21 of 1st period - Shot Misses the Net.
13:23 of 1st period - Wrist shot by Bryce Lampman.
13:23 of 1st period - Shot Misses the Net.
13:25 of 1st period - Snap shot by Enver Lisin.
13:25 of 1st period - Shot Misses the Net.
13:27 of 1st period - Wrist shot by Brett Maclean.
13:27 of 1st period - Goal by Brett Maclean - Bruins : 0 - Canadiens : 1.
13:28 of 1st period - Henrik Sedin wins face-off versus Jonathan Toews in neutral zone.
13:31 of 1st period - Slapshot by Benoit Pouliot.
13:31 of 1st period - Stopped by Kevin Poulin without a rebound.
13:32 of 1st period - Jonathan Toews wins face-off versus Henrik Sedin in Bruins zone.
14:07 of 1st period - Frans Nielsen is hit by Scott Hartnell and loses puck.
15:17 of 1st period - Slapshot by Benoit Pouliot.
15:17 of 1st period - Stopped by Kevin Poulin without a rebound.
15:18 of 1st period - Henrik Sedin wins face-off versus Mike Ribeiro in Bruins zone.
15:35 of 1st period - Henrik Sedin is hit by Brendan Smith and loses puck.
15:52 of 1st period - Snap shot by Frans Nielsen.
15:52 of 1st period - Stopped by Kevin Poulin without a rebound.
15:53 of 1st period - Frans Nielsen wins face-off versus Zack Kassian in Bruins zone.
16:07 of 1st period - Icing by Kevin Bieksa.
16:08 of 1st period - Jonathan Toews wins face-off versus Henrik Sedin in Bruins zone.
16:34 of 1st period - Jonathan Toews is hit by Steve Downie and loses puck.
16:41 of 1st period - Snap shot by Steve Downie.
16:41 of 1st period - Deflect By Wojtek Wolski.
16:41 of 1st period - Stopped by Kevin Poulin with a rebound.
16:56 of 1st period - Minor Penalty to Nikolai Zherdev for High sticking.
16:57 of 1st period - Mike Ribeiro wins face-off versus Corey Perry in Canadiens zone.
17:03 of 1st period - Snap shot by Mike Ribeiro.
17:03 of 1st period - Deflect By Victor Oreskovich.
17:03 of 1st period - Stopped by Henrik Lundqvist with a rebound.
17:05 of 1st period - Wrist shot by Mike Ribeiro.
17:05 of 1st period - Shot Misses the Net.
17:07 of 1st period - Slapshot by Kevin Bieksa.
17:07 of 1st period - Shot Blocked by Mark Stuart.
17:09 of 1st period - Snap shot by Victor Oreskovich.
17:09 of 1st period - Stopped by Henrik Lundqvist with a rebound.
17:11 of 1st period - Slapshot by Mike Ribeiro.
17:11 of 1st period - Stopped by Henrik Lundqvist without a rebound.
17:12 of 1st period - Jonathan Toews wins face-off versus Corey Perry in Canadiens zone.
17:13 of 1st period - Snap shot by Zack Kassian.
17:13 of 1st period - Goal by Zack Kassian - Bruins : 1 - Canadiens : 1.
17:14 of 1st period - Mike Ribeiro wins face-off versus Henrik Sedin in neutral zone.
17:37 of 1st period - Minor Penalty to Scott Hartnell for Slashing.
17:38 of 1st period - Henrik Sedin wins face-off versus Jonathan Toews in Bruins zone.
17:45 of 1st period - Snap shot by Corey Perry.
17:45 of 1st period - Deflect By Benoit Pouliot.
17:45 of 1st period - Stopped by Kevin Poulin with a rebound.
17:47 of 1st period - Slapshot by Benoit Pouliot.
17:47 of 1st period - Stopped by Kevin Poulin with a rebound.
17:49 of 1st period - Snap shot by Benoit Pouliot.
17:49 of 1st period - Shot Blocked by Zack Kassian.
17:53 of 1st period - Wrist shot by Benoit Pouliot.
17:53 of 1st period - Stopped by Kevin Poulin with a rebound.
17:55 of 1st period - Backhand shot by Bryce Lampman.
17:55 of 1st period - Stopped by Kevin Poulin without a rebound.
17:56 of 1st period - Frans Nielsen wins face-off versus Jonathan Toews in Bruins zone.
17:59 of 1st period - Slapshot by Frans Nielsen.
17:59 of 1st period - Goal by Frans Nielsen - Bruins : 1 - Canadiens : 2.
18:00 of 1st period - Jonathan Toews wins face-off versus Henrik Sedin in neutral zone.
18:38 of 1st period - Wrist shot by Scott Hartnell.
18:38 of 1st period - Shot Misses the Net.
19:42 of 1st period - Slapshot by Raphael Diaz.
19:42 of 1st period - Stopped by Kevin Poulin with a rebound.
19:44 of 1st period - Wrist shot by Dustin Boyd.
19:44 of 1st period - Stopped by Kevin Poulin with a rebound.
Goals for this period are 1 for Bruins vs 2 for Canadiens.
Shots for this period are 10 for Bruins vs 21 for Canadiens.
2nd period
0:01 of 2nd period - Jonathan Toews wins face-off versus Henrik Sedin in neutral zone.
0:07 of 2nd period - Icing by Corey Perry.
0:08 of 2nd period - Henrik Sedin wins face-off versus Jonathan Toews in Canadiens zone.
0:43 of 2nd period - Snap shot by Wojtek Wolski.
0:43 of 2nd period - Shot Blocked by Shaone Morrisonn.
0:51 of 2nd period - Snap shot by Benoit Pouliot.
0:51 of 2nd period - Shot Misses the Net.
0:53 of 2nd period - Slapshot by Shaone Morrisonn.
0:53 of 2nd period - Shot Blocked by Wojtek Wolski.
0:57 of 2nd period - Snap shot by Corey Perry.
0:57 of 2nd period - Shot Blocked by Jason Demers.
0:59 of 2nd period - Slapshot by Shaone Morrisonn.
0:59 of 2nd period - Stopped by Kevin Poulin without a rebound.
1:00 of 2nd period - Frans Nielsen wins face-off versus Victor Oreskovich in Bruins zone.
1:03 of 2nd period - Snap shot by Frans Nielsen.
1:03 of 2nd period - Deflect By Steve Downie.
1:03 of 2nd period - Goal by Steve Downie - Bruins : 1 - Canadiens : 3.
1:04 of 2nd period - Victor Oreskovich wins face-off versus Frans Nielsen in neutral zone.
1:15 of 2nd period - Snap shot by Mike Ribeiro.
1:15 of 2nd period - Stopped by Henrik Lundqvist without a rebound.
1:16 of 2nd period - Greg Stewart wins face-off versus Mike Ribeiro in Canadiens zone.
1:31 of 2nd period - Wrist shot by Frans Nielsen.
1:31 of 2nd period - Shot Misses the Net.
1:33 of 2nd period - Snap shot by Raphael Diaz.
1:33 of 2nd period - Stopped by Kevin Poulin without a rebound.
1:34 of 2nd period - Henrik Sedin wins face-off versus Rene Bourque in Bruins zone.
2:01 of 2nd period - Vitaly Vishnevsky is hit by Brendan Smith and loses puck.
2:12 of 2nd period - Wrist shot by Victor Oreskovich.
2:12 of 2nd period - Shot Blocked by Pierre-Marc Bouchard.
2:36 of 2nd period - Snap shot by Wojtek Wolski.
2:36 of 2nd period - Stopped by Henrik Lundqvist with a rebound.
2:48 of 2nd period - Icing by Zack Kassian.
2:49 of 2nd period - Jonathan Toews wins face-off versus Henrik Sedin in Bruins zone.
3:26 of 2nd period - Wrist shot by Scott Hartnell.
3:26 of 2nd period - Stopped by Henrik Lundqvist without a rebound.
3:27 of 2nd period - Dave Bolland wins face-off versus Greg Stewart in Canadiens zone.
3:38 of 2nd period - Slapshot by T.J Galiardi.
3:38 of 2nd period - Stopped by Henrik Lundqvist with a rebound.
4:54 of 2nd period - Off-side.
4:55 of 2nd period - Mike Ribeiro wins face-off versus Frans Nielsen in neutral zone.
6:45 of 2nd period - Minor Penalty to Jason Demers for Roughing.
6:46 of 2nd period - Henrik Sedin wins face-off versus Jonathan Toews in Bruins zone.
8:45 of 2nd period - Penalty to Jason Demers is over, Jason Demers is back on ice.
8:52 of 2nd period - Brett Maclean is hit by Mike Ribeiro and loses puck.
9:01 of 2nd period - Brendan Smith is hit by Vitaly Vishnevsky and loses puck.
9:12 of 2nd period - Jason Demers is hit by Colton Parayko.
10:14 of 2nd period - Frans Nielsen is hit by Kevin Bieksa and loses puck.
10:48 of 2nd period - Slapshot by Mike Ribeiro.
10:48 of 2nd period - Shot Blocked by Vitaly Vishnevsky.
11:16 of 2nd period - Shaone Morrisonn is hit by Kevin Bieksa and loses puck.
11:23 of 2nd period - Slapshot by T.J Galiardi.
11:23 of 2nd period - Stopped by Henrik Lundqvist with a rebound.
11:25 of 2nd period - Wrist shot by Adam Pelech.
11:25 of 2nd period - Shot Misses the Net.
11:59 of 2nd period - Pierre-Marc Bouchard is hit by Kevin Bieksa and loses puck.
12:06 of 2nd period - Brett Maclean is hit by Victor Oreskovich and loses puck.
12:22 of 2nd period - Jason Demers is hit by Colton Parayko and loses puck.
12:51 of 2nd period - Rene Bourque is hit by Corey Perry and loses puck.
13:02 of 2nd period - Frans Nielsen is hit by Casey Cizikas and loses puck.
13:25 of 2nd period - Raphael Diaz is hit by Kevin Bieksa and loses puck.
14:10 of 2nd period - Snap shot by Corey Perry.
14:10 of 2nd period - Stopped by Kevin Poulin with a rebound.
14:12 of 2nd period - Slapshot by Shaone Morrisonn.
14:12 of 2nd period - Stopped by Kevin Poulin with a rebound.
14:14 of 2nd period - Snap shot by Benoit Pouliot.
14:14 of 2nd period - Shot Misses the Net.
14:16 of 2nd period - Snap shot by Bryce Lampman.
14:16 of 2nd period - Deflect By Corey Perry.
14:16 of 2nd period - Shot Misses the Net.
14:16 of 2nd period - Puck is out of play.
14:17 of 2nd period - Frans Nielsen wins face-off versus Jonathan Toews in Bruins zone.
15:43 of 2nd period - Minor Penalty to Mattias Tedenby for Hooking.
15:44 of 2nd period - Henrik Sedin wins face-off versus Jonathan Toews in Bruins zone.
16:10 of 2nd period - Wrist shot by Frans Nielsen.
16:10 of 2nd period - Shot Misses the Net.
16:12 of 2nd period - Snap shot by Steve Downie.
16:12 of 2nd period - Stopped by Kevin Poulin with a rebound.
16:14 of 2nd period - Snap shot by Greg Stewart.
16:14 of 2nd period - Shot Misses the Net.
16:16 of 2nd period - Snap shot by Greg Stewart.
16:16 of 2nd period - Goal by Greg Stewart - Bruins : 1 - Canadiens : 4.
16:17 of 2nd period - Wojtek Wolski wins face-off versus Henrik Sedin in neutral zone.
16:22 of 2nd period - Snap shot by Wojtek Wolski.
16:22 of 2nd period - Shot Misses the Net.
16:24 of 2nd period - Slapshot by Brendan Smith.
16:24 of 2nd period - Deflect By Henrik Sedin.
16:24 of 2nd period - Stopped by Henrik Lundqvist without a rebound.
16:25 of 2nd period - Jonathan Toews wins face-off versus Benoit Pouliot in Canadiens zone.
16:31 of 2nd period - Off-side.
16:32 of 2nd period - Henrik Sedin wins face-off versus Jonathan Toews in neutral zone.
16:39 of 2nd period - Snap shot by Henrik Sedin.
16:39 of 2nd period - Stopped by Kevin Poulin without a rebound.
16:40 of 2nd period - Henrik Sedin wins face-off versus Jonathan Toews in Bruins zone.
16:49 of 2nd period - Snap shot by Corey Perry.
16:49 of 2nd period - Goal by Corey Perry - Bruins : 1 - Canadiens : 5.
16:50 of 2nd period - Benoit Pouliot wins face-off versus Jonathan Toews in neutral zone.
17:51 of 2nd period - Enver Lisin is hit by T.J Galiardi.
18:31 of 2nd period - Snap shot by Benoit Pouliot.
18:31 of 2nd period - Shot Misses the Net.
19:07 of 2nd period - T.J Galiardi is hit by Pierre-Marc Bouchard and loses puck.
19:55 of 2nd period - Johnny Boychuk is hit by Vitaly Vishnevsky and loses puck.
Goals for this period are 0 for Bruins vs 3 for Canadiens.
Shots for this period are 6 for Bruins vs 9 for Canadiens.
3rd period
0:01 of 3rd period - Henrik Sedin wins face-off versus Jonathan Toews in neutral zone.
0:03 of 3rd period - Raphael Diaz is hit by Jason Demers and loses puck.
0:26 of 3rd period - Scott Hartnell is hit by Colton Parayko and loses puck.
0:31 of 3rd period - Snap shot by Frans Nielsen.
0:31 of 3rd period - Stopped by Kevin Poulin without a rebound.
0:32 of 3rd period - Frans Nielsen wins face-off versus Mike Ribeiro in Bruins zone.
1:04 of 3rd period - Rene Bourque is hit by Colton Parayko and loses puck.
1:33 of 3rd period - Snap shot by Steve Downie.
1:33 of 3rd period - Shot Blocked by Shane O'Brien.
1:47 of 3rd period - Wrist shot by Victor Oreskovich.
1:47 of 3rd period - Stopped by Henrik Lundqvist with a rebound.
1:49 of 3rd period - Snap shot by Scott Hartnell.
1:49 of 3rd period - Shot Blocked by Bryce Lampman.
1:51 of 3rd period - Wrist shot by Victor Oreskovich.
1:51 of 3rd period - Shot Misses the Net.
1:53 of 3rd period - Slapshot by Jason Demers.
1:53 of 3rd period - Stopped by Henrik Lundqvist with a rebound.
1:57 of 3rd period - Snap shot by Victor Oreskovich.
1:57 of 3rd period - Shot Blocked by Bryce Lampman.
1:59 of 3rd period - Snap shot by Victor Oreskovich.
1:59 of 3rd period - Stopped by Henrik Lundqvist with a rebound.
2:43 of 3rd period - Wrist shot by Corey Perry.
2:43 of 3rd period - Stopped by Kevin Poulin without a rebound.
2:44 of 3rd period - Jonathan Toews wins face-off versus Pierre-Marc Bouchard in Bruins zone.
3:04 of 3rd period - Minor Penalty to Colton Parayko for Tripping.
3:05 of 3rd period - Jonathan Toews wins face-off versus Corey Perry in Canadiens zone.
3:07 of 3rd period - Slapshot by Zack Kassian.
3:07 of 3rd period - Stopped by Henrik Lundqvist without a rebound.
3:08 of 3rd period - Jonathan Toews wins face-off versus Corey Perry in Canadiens zone.
3:13 of 3rd period - Slapshot by Zack Kassian.
3:13 of 3rd period - Shot Misses the Net.
3:15 of 3rd period - Slapshot by Kevin Bieksa.
3:15 of 3rd period - Shot Blocked by Mark Stuart.
3:17 of 3rd period - Slapshot by Kevin Bieksa.
3:17 of 3rd period - Shot Blocked by Vitaly Vishnevsky.
4:00 of 3rd period - Dustin Boyd is hit by Victor Oreskovich and loses puck.
4:50 of 3rd period - Zack Kassian is hit by Henrik Sedin and loses puck.
5:04 of 3rd period - Penalty to Colton Parayko is over, Colton Parayko is back on ice.
5:37 of 3rd period - Off-side.
5:38 of 3rd period - Casey Cizikas wins face-off versus Frans Nielsen in neutral zone.
5:49 of 3rd period - Wrist shot by Mattias Tedenby.
5:49 of 3rd period - Deflect By Kris Chucko.
5:49 of 3rd period - Stopped by Henrik Lundqvist with a rebound.
5:55 of 3rd period - Wrist shot by Greg Stewart.
5:55 of 3rd period - Shot Misses the Net.
6:25 of 3rd period - Snap shot by Kris Chucko.
6:25 of 3rd period - Deflect By Steve Downie.
6:25 of 3rd period - Shot Blocked by Frans Nielsen.
6:25 of 3rd period - Puck is out of play.
6:26 of 3rd period - Henrik Sedin wins face-off versus Jonathan Toews in Canadiens zone.
6:28 of 3rd period - Icing by Benoit Pouliot.
6:29 of 3rd period - Henrik Sedin wins face-off versus Jonathan Toews in Canadiens zone.
6:31 of 3rd period - Icing by Corey Perry.
6:32 of 3rd period - Corey Perry wins face-off versus Jonathan Toews in Canadiens zone.
7:09 of 3rd period - Backhand shot by Greg Stewart.
7:09 of 3rd period - Shot Misses the Net.
7:11 of 3rd period - Snap shot by Steve Downie.
7:11 of 3rd period - Stopped by Kevin Poulin with a rebound.
7:25 of 3rd period - Snap shot by Dave Bolland.
7:25 of 3rd period - Shot Blocked by Enver Lisin.
7:51 of 3rd period - Snap shot by Mattias Tedenby.
7:51 of 3rd period - Shot Misses the Net.
8:06 of 3rd period - Minor Penalty to Kevin Bieksa for Holding Stick.
8:07 of 3rd period - Jonathan Toews wins face-off versus Benoit Pouliot in Bruins zone.
9:18 of 3rd period - Jason Demers is hit by Vitaly Vishnevsky.
9:22 of 3rd period - Frans Nielsen is hit by Kris Chucko.
9:41 of 3rd period - Shane O'Brien is hit by Benoit Pouliot and loses puck.
10:06 of 3rd period - Penalty to Kevin Bieksa is over, Kevin Bieksa is back on ice.
10:24 of 3rd period - Snap shot by Scott Hartnell.
10:24 of 3rd period - Stopped by Henrik Lundqvist without a rebound.
10:25 of 3rd period - Pierre-Marc Bouchard wins face-off versus Mike Ribeiro in Canadiens zone.
10:42 of 3rd period - Snap shot by Enver Lisin.
10:42 of 3rd period - Stopped by Kevin Poulin without a rebound.
10:43 of 3rd period - Zack Kassian wins face-off versus Henrik Sedin in Bruins zone.
10:49 of 3rd period - Off-side.
10:50 of 3rd period - Jonathan Toews wins face-off versus Henrik Sedin in neutral zone.
10:57 of 3rd period - Slapshot by Raphael Diaz.
10:57 of 3rd period - Deflect By Corey Perry.
10:57 of 3rd period - Stopped by Kevin Poulin with a rebound.
11:11 of 3rd period - Wrist shot by Brendan Smith.
11:11 of 3rd period - Stopped by Henrik Lundqvist with a rebound.
11:17 of 3rd period - Zack Kassian is hit by Corey Perry and loses puck.
12:12 of 3rd period - Jonathan Toews is hit by Vitaly Vishnevsky.
12:16 of 3rd period - Jonathan Toews is hit by Mark Stuart and loses puck.
12:42 of 3rd period - Minor Penalty to Zack Kassian for Roughing.
12:43 of 3rd period - Greg Stewart wins face-off versus Dave Bolland in Bruins zone.
12:43 of 3rd period - Snap shot by Steve Downie.
12:43 of 3rd period - Stopped by Kevin Poulin without a rebound.
12:44 of 3rd period - Frans Nielsen wins face-off versus Dave Bolland in Bruins zone.
13:55 of 3rd period - Slapshot by Bryce Lampman.
13:55 of 3rd period - Stopped by Kevin Poulin without a rebound.
13:56 of 3rd period - Rene Bourque wins face-off versus Brett Maclean in Bruins zone.
14:42 of 3rd period - Penalty to Zack Kassian is over, Zack Kassian is back on ice.
14:57 of 3rd period - Wrist shot by Enver Lisin.
14:57 of 3rd period - Stopped by Kevin Poulin with a rebound.
14:59 of 3rd period - Snap shot by Brett Maclean.
14:59 of 3rd period - Stopped by Kevin Poulin without a rebound.
15:00 of 3rd period - Mike Ribeiro wins face-off versus Pierre-Marc Bouchard in Bruins zone.
15:05 of 3rd period - Kevin Bieksa is hit by Mark Stuart and loses puck.
15:10 of 3rd period - Wrist shot by Enver Lisin.
15:10 of 3rd period - Stopped by Kevin Poulin without a rebound.
15:11 of 3rd period - Scott Hartnell wins face-off versus Henrik Sedin in Bruins zone.
15:13 of 3rd period - Mark Stuart and Brendan Smith fight to a draw.
15:13 of 3rd period - Penalty to Mark Stuart for Fighting.
15:13 of 3rd period - Penalty to Brendan Smith for Fighting.
15:14 of 3rd period - Jonathan Toews wins face-off versus Henrik Sedin in Bruins zone.
16:06 of 3rd period - Wrist shot by Enver Lisin.
16:06 of 3rd period - Shot Blocked by Adam Pelech.
16:26 of 3rd period - Snap shot by Mattias Tedenby.
16:26 of 3rd period - Stopped by Henrik Lundqvist with a rebound.
16:31 of 3rd period - Off-side.
16:32 of 3rd period - Henrik Sedin wins face-off versus Jonathan Toews in neutral zone.
17:03 of 3rd period - Wrist shot by Enver Lisin.
17:03 of 3rd period - Stopped by Kevin Poulin without a rebound.
17:04 of 3rd period - Pierre-Marc Bouchard wins face-off versus Victor Oreskovich in Bruins zone.
17:20 of 3rd period - Slapshot by Enver Lisin.
17:20 of 3rd period - Stopped by Kevin Poulin without a rebound.
17:21 of 3rd period - Jonathan Toews wins face-off versus Henrik Sedin in Bruins zone.
17:32 of 3rd period - Wrist shot by Wojtek Wolski.
17:32 of 3rd period - Deflect By Zack Kassian.
17:32 of 3rd period - Stopped by Henrik Lundqvist with a rebound.
17:34 of 3rd period - Snap shot by Jonathan Toews.
17:34 of 3rd period - Shot Misses the Net.
17:36 of 3rd period - Wrist shot by Zack Kassian.
17:36 of 3rd period - Stopped by Henrik Lundqvist without a rebound.
17:37 of 3rd period - Frans Nielsen wins face-off versus Scott Hartnell in Canadiens zone.
18:15 of 3rd period - Wrist shot by Henrik Sedin.
18:15 of 3rd period - Shot Misses the Net.
18:25 of 3rd period - Slapshot by Dave Bolland.
18:25 of 3rd period - Shot Misses the Net.
18:27 of 3rd period - Snap shot by Rene Bourque.
18:27 of 3rd period - Stopped by Henrik Lundqvist with a rebound.
18:45 of 3rd period - Mattias Tedenby is hit by Bryce Lampman and loses puck.
19:08 of 3rd period - Snap shot by Scott Hartnell.
19:08 of 3rd period - Shot Misses the Net.
19:10 of 3rd period - Wrist shot by Victor Oreskovich.
19:10 of 3rd period - Deflect By Mike Ribeiro.
19:10 of 3rd period - Stopped by Henrik Lundqvist without a rebound.
19:11 of 3rd period - Corey Perry wins face-off versus Jonathan Toews in Canadiens zone.
19:18 of 3rd period - Snap shot by Jonathan Toews.
19:18 of 3rd period - Shot Misses the Net.
19:20 of 3rd period - Snap shot by Jonathan Toews.
19:20 of 3rd period - Stopped by Henrik Lundqvist with a rebound.
19:22 of 3rd period - Snap shot by Shane O'Brien.
19:22 of 3rd period - Deflect By Zack Kassian.
19:22 of 3rd period - Shot Blocked by Corey Perry.
19:22 of 3rd period - Puck is out of play.
19:23 of 3rd period - Henrik Sedin wins face-off versus Jonathan Toews in Canadiens zone.
19:52 of 3rd period - Snap shot by Mike Ribeiro.
19:52 of 3rd period - Stopped by Henrik Lundqvist with a rebound.
Goals for this period are 0 for Bruins vs 0 for Canadiens.
Shots for this period are 14 for Bruins vs 12 for Canadiens.
Back to the Top